AoeStats
← Chris

Hill Fort

506567595Analyzed
4v4 RM · 18d ago on Sep 14, 2026· 45m 48s· 8 players
Game mode
Random Map
Map size
Large (8 player)
Population
200
Speed
Normal
Resources
Standard
Victory
Conquest
Starting age
Dark Age
Ending age
Imperial Age
RankedLock teamsTeams togetherTeam positionsShared explorationLock speedFull tech treeHidden civsTurbo modeCheats
Victory
Defeat
🇦🇷 Hindustanis · Argentina
1603
+10
🇸🇻 Shu · El Salvador
1543
+12
🇦🇷 Ethiopians · Argentina
1514
+14
🇲🇽 Vikings · Mexico
1455
+16
🇹🇼 Magyars · Taiwan
1559
-17
🇨🇳 Malay · China
1441
-12
🇨🇳 Mapuche · China
1441
-12
🇺🇸 Koreans · United States
1403
-11
edengr7
9:36 Feudal Age
9:56 Horse Collar
10:02 Double-Bit Axe
15:00 Loom
15:31 Stone Mining
15:35 Gold Mining
18:07 Castle Age
19:26 Bow Saw
19:20 Heavy Plow
22:19 Scale Mail Armor
22:44 Pikeman
25:09 Chain Mail Armor
25:02 Fletching
24:56 Crossbowman
27:05 Bodkin Arrow
27:32 Ballistics
27:56 Padded Archer Armor
29:10 Leather Archer Armor
29:58 Squires
29:43 Arson
30:12 Forging
38:37 Chieftains
43:18 Imperial Age
42:09 Man-at-Arms
42:35 Gambesons
42:50 Squires
43:23 Arbalester
44:46 Conscription
45:12 Bracer
45:20 Long Swordsman
Canelo
8:39 Feudal Age
8:57 Loom
9:17 Double-Bit Axe
9:14 Horse Collar
10:04 Horse Collar
20:44 Castle Age
19:34 Scale Barding Armor
20:17 Bloodlines
20:26 Gold Mining
21:03 Light Cavalry
23:00 Bow Saw
23:32 Husbandry
27:27 Chain Barding Armor
30:02 Wheelbarrow
29:33 Heavy Plow
30:15 Town Watch
31:19 Forging
32:47 Stone Mining
33:32 Gold Shaft Mining
33:24 Hand Cart
38:28 Imperial Age
37:25 Gold Shaft Mining
37:25 Stone Shaft Mining
39:03 Stone Shaft Mining
39:12 Heavy Camel Rider
40:28 Plate Barding Armor
40:41 Iron Casting
40:41 Fletching
41:18 Grand Trunk Road
41:42 Conscription
42:10 Siege Engineers
43:24 Chemistry
42:35 Masonry
42:44 Imperial Camel Rider
44:31 Hussar
46:59 Blast Furnace
BOT Douglas
7:00 Loom
10:11 Feudal Age
11:26 Double-Bit Axe
13:14 Fletching
17:33 Horse Collar
18:43 Padded Archer Armor
21:03 Wheelbarrow
24:38 Castle Age
23:27 Gold Mining
24:54 Crossbowman
25:32 Bodkin Arrow
25:48 Bow Saw
27:08 Heavy Plow
28:31 Town Watch
29:41 Leather Archer Armor
30:43 Thumb Ring
40:52 Imperial Age
40:59 Gold Shaft Mining
41:51 Bracer
42:53 Chemistry
42:14 Ballistics
41:21 Arbalester
44:22 Hand Cart
RohanAoE
9:16 Loom
11:01 Feudal Age
12:23 Double-Bit Axe
15:19 Castle Age
13:19 Horse Collar
16:24 Wheelbarrow
16:23 Bow Saw
16:38 Heavy Plow
21:44 Fletching
23:17 Hand Cart
22:49 Town Watch
28:33 Imperial Age
26:36 Scale Barding Armor
26:42 Forging
29:48 Chain Barding Armor
30:30 Ballistics
30:07 Bodkin Arrow
32:30 Bolt Magazine
34:26 Chemistry
33:33 Gold Mining
35:38 Siege Engineers
36:11 Plate Barding Armor
35:39 Capped Ram
36:45 Bracer
39:03 Siege Ram
40:19 Masonry
40:24 Murder Holes
41:20 Conscription
46:14 Padded Archer Armor
Chris
9:32 Feudal Age
9:53 Horse Collar
9:59 Double-Bit Axe
12:42 Gold Mining
14:55 Wheelbarrow
14:08 Loom
24:40 Castle Age
25:26 Heavy Plow
25:45 Bow Saw
27:16 Hand Cart
26:47 Town Watch
31:19 Stone Mining
32:11 Masonry
33:31 Gold Shaft Mining
33:51 Scale Mail Armor
34:01 Forging
38:53 Imperial Age
37:01 Ballistics
36:35 Fletching
36:08 Pikeman
36:49 Squires
36:46 Fishing Lines
38:36 Chain Mail Armor
38:57 Iron Casting
39:47 Halberdier
41:01 Plate Mail Armor
42:03 Chemistry
41:36 Arrowslits
42:23 Architecture
41:49 Murder Holes
42:14 Eupseong
44:56 Bodkin Arrow
45:34 Fortified Wall
菜就怪隊友
8:57 Loom
11:02 Feudal Age
15:52 Castle Age
14:04 Horse Collar
14:36 Double-Bit Axe
16:51 Scale Barding Armor
23:06 Bloodlines
29:24 Wheelbarrow
31:28 Husbandry
31:30 Fletching
31:51 Bow Saw
31:44 Heavy Plow
32:36 Bodkin Arrow
33:19 Padded Archer Armor
33:24 Town Watch
34:23 Leather Archer Armor
38:54 Imperial Age
37:27 Gold Mining
37:27 Elite Skirmisher
39:59 Conscription
39:42 Bracer
40:44 Chemistry
40:05 Ballistics
40:27 Parthian Tactics
41:10 Ring Archer Armor
42:25 Heavy Cavalry Archer
44:28 Thumb Ring
45:37 Hand Cart
Prigozhin
8:54 Loom
11:47 Feudal Age
13:25 Double-Bit Axe
16:08 Castle Age
15:23 Gold Mining
17:04 Fletching
17:28 Bow Saw
21:05 Wheelbarrow
21:12 Bodkin Arrow
21:44 Padded Archer Armor
25:12 Gold Mining
25:16 Stone Mining
26:14 Leather Archer Armor
26:12 Fishing Lines
28:21 Gillnets
33:12 Gold Shaft Mining
34:40 Ballistics
34:00 Elite Skirmisher
35:39 Hand Cart
38:49 Imperial Age
36:39 Malon
40:41 Chemistry
39:25 Elite Bolas Rider
41:38 Conscription
42:14 Siege Engineers
42:19 Masonry
41:51 Treadmill Crane
42:47 Ring Archer Armor
44:41 Pikeman
i'm a pupil
9:52 Feudal Age
10:01 Double-Bit Axe
12:50 Fishing Lines
15:33 Fishing Lines
19:06 Loom
22:12 Castle Age
20:08 Gold Mining
21:57 Gillnets
22:18 Bow Saw
22:34 Scale Barding Armor
22:40 Forging
22:34 Husbandry
24:21 Wheelbarrow
24:53 Gold Shaft Mining
25:33 Hand Cart
28:43 Stone Mining
31:58 Imperial Age
30:27 Stone Shaft Mining
31:00 Fletching
31:45 Iron Casting
31:50 Elite Battle Elephant
33:31 Blast Furnace
33:34 Ballistics
33:06 Fletching
33:42 Medium Warships
34:18 Forced Levy
34:22 Thalassocracy
34:43 Conscription
34:49 Man-at-Arms
36:22 Heavy Warships
36:06 Squires
35:44 Long Swordsman
36:10 Arson
36:23 Bodkin Arrow
36:29 Forced Levy
37:02 Two-Handed Swordsman
37:44 Bracer
37:48 Pikeman
38:44 Halberdier
39:20 Town Watch
40:36 Chemistry
40:54 Padded Archer Armor
42:07 Onager
44:56 Leather Archer Armor
Connection lost

Rejoining the realm…

Still unreachable

The connection could not be restored.

Session expired

The server has moved on; the page needs a fresh start.